 Dungeon Crawl Stone Soup version 0.31-a0-4-gefa6de2278 (webtiles) character file.

Game seed: 6997531452960809599

49 sircluck the Stinger (level 3, 0/19 HPs)
             Began as a Tengu Venom Mage on May 4, 2023.
             Slain by a cerulean imp
             ... wielding a +1 spear
             ... summoned by Natasha
              (2 damage)
             ... on level 2 of the Dungeon.
             The game lasted 00:04:07 (2254 turns).

sircluck the Stinger (Tengu Venom Mage)             Turns: 2254, Time: 00:04:07

Health: 0/19       AC:  3    Str:  8    XL:     3   Next: 75%
Magic:  5/7        EV: 12    Int: 17    God:
Gold:   96         SH:  0    Dex: 14    Spells: 3/6 levels left

rFire   . . .        k - +0 short sword
rCold   . . .        (no shield)
rNeg    . . .        a - +0 robe
rPois   .            r - +1 hat
rElec   .            (no cloak)
rCorr   .            (no gloves)
SInv    .            (boots unavailable)
Will    .....        (no amulet)
Stlth   ++           (no ring)
HPRegen 0.23/turn    (no ring)
MPRegen 0.10/turn

%: no passive effects
@: slowed, very slow
A: beak, talons 3
a: no special abilities


You were on level 2 of the Dungeon.
You visited 1 branch of the dungeon, and saw 2 of its levels.

You collected 96 gold pieces.

Inventory:

Hand Weapons
 k - a +0 short sword (weapon)
 l - a +0 dagger
 o - a +0 whip of flaming
Missiles
 j - 2 javelins
 m - 21 stones
Armour
 a - a +0 robe (worn)
 r - a +1 hat (worn)
Scrolls
 d - 3 scrolls of identify {unknown}
 e - 4 scrolls of teleportation {unknown}
 f - a scroll of vulnerability {unknown}
 g - a scroll of acquirement {unknown}
 h - 2 scrolls of noise {unknown}
 n - a scroll of enchant armour {unknown}
 p - a scroll of fog {unknown}
 q - a scroll of blinking {unknown}
 t - a scroll of poison {unknown}
Potions
 b - a potion of magic
 c - a potion of brilliance {unknown}
 i - a potion of heal wounds {unknown}
 s - a potion of lignification {unknown}


   Skills:
 + Level 0.1 Fighting
 + Level 0.6 Short Blades
 + Level 2.7 Dodging
 * Level 2.3 Stealth
 + Level 2.3 Spellcasting
 + Level 1.3 Transmutations
 + Level 3.4 Poison Magic


You had 3 spell levels left.
You knew the following spells:

 Your Spells              Type           Power      Damage    Failure   Level
a - Sting                 Tmut/Pois      40%        1d5       7%          1
b - Poisonous Vapours     Pois/Air       14%        N/A       14%         2

Your spell library contained the following spells:

 Spells                   Type           Power      Damage    Failure   Level
 Mephitic Cloud           Conj/Pois/Air  5%         N/A       34%         3
 Olgreb's Toxic Radiance  Pois           13%        N/A       41%         4


Dungeon Overview and Level Annotations

Branches:
Dungeon (2/15)

Altars:

Annotations:
D:2 Natasha


Innate Abilities, Weirdness & Mutations

You have a beak for a mouth.
You have claws for feet.


Message History

You are too injured to fight recklessly!
Natasha is nearby!
You are too injured to fight recklessly!
Natasha is nearby!
You are too injured to fight recklessly!
You are too injured to fight recklessly!
Casting: Sting (safe; 7% risk of failure)
Confirm with . or Enter, or press ? or * to list all spells.
Aiming: Sting (safe; 7% risk of failure)
Press: ? - help, Shift-Dir - straight line, f - Natasha
Aim: Natasha (moderately wounded, 64% to hit)
The sting hits Natasha but does no damage.
Natasha is poisoned.
Natasha is moderately wounded.
Natasha barely misses you.
Casting: Sting (safe; 7% risk of failure)
Confirm with . or Enter, or press ? or * to list all spells.
Aiming: Sting (safe; 7% risk of failure)
Press: ? - help, Shift-Dir - straight line, f/p - Natasha
Aim: Natasha (moderately wounded, poisoned, 64% to hit)
The sting hits Natasha but does no damage.
Natasha looks even sicker.
Natasha is moderately wounded.
Natasha casts a spell at you.
You feel yourself slow down.
Natasha mumbles some strange words.
Natasha attacks as you move away! Natasha closely misses you.
The cerulean imp barely misses you. Natasha claws you.
* * * LOW HITPOINT WARNING * * *
Casting: Sting (safe; 7% risk of failure)
Confirm with . or Enter, or press ? or * to list all spells.
Okay, then.
You closely miss Natasha. You claw Natasha, but do no damage.
Your peck misses Natasha.
Natasha is moderately wounded.
The cerulean imp closely misses you. Natasha barely misses you.
You hit Natasha. Your peck misses Natasha.
Natasha is heavily wounded.
The cerulean imp hits you from afar with a +1 spear.
You die...

....# ##'## # ....#
##...## #. #.#.#
##.....## #.###.#.#
##.......##
.?.....###.........##
#.......+.>.......+.
#..5# #.........##
##h## ##.......## #@#
##.....## #.# ##...##
####.# ##'##
#....#########.#
#.###.......##.#
#.#.........##†##
#.#.#.#####.#.†.##
#.#.#.### #......#
#.......# #.#...#####


You could see Natasha (poisoned) and a cerulean imp (summoned).

Vanquished Creatures
  An adder (D:2)
  A worm (D:2)
  2 endoplasms (D:2)
  2 goblins (D:2)
  6 hobgoblins
  2 jackals (D:1)
  5 kobolds
  A quokka (D:2)
  4 ball pythons
  7 bats
  2 rats
33 creatures vanquished.

Notes
Turn   | Place    | Note
-------+----------+-------------------------------------------
     0 | D:1      | sircluck the Tengu Venom Mage began the quest for the Orb.
     0 | D:1      | Reached XP level 1. HP: 10/10 MP: 4/4
   325 | D:1      | Reached XP level 2. HP: 15/15 MP: 1/6
  1321 | D:2      | Reached skill level 1 in Transmutations
  1427 | D:2      | Reached XP level 3. HP: 19/19 MP: 1/7
  1434 | D:2      | Learned a level 2 spell: Poisonous Vapours
  2242 | D:2      | Noticed Natasha
  2254 | D:2      | Slain by a cerulean imp

Illustrated notes

Levels and vault maps discovered:
D:1:      psy_arrival_radial02, layout_loops_ring,
          hangedman_decor_clover_reticule
D:2:      layout_loops_corners, uniq_natasha

Skill      XL: |  1  2 |
---------------+-------+-----
Transmutations | 1 |  1.3
Fighting       | |  0.1
Short Blades   | |  0.6
Dodging        | |  2.7
Stealth        | |  2.3
Spellcasting   | |  2.3
Poison Magic   | |  3.4

Action                     || total
---------------------------++-------
  Melee: Unarmed           ||    18
         Kick              ||    22
         Peck              ||    10
         Short sword       ||    51
   Cast: Sting             ||    38
         Poisonous Vapours ||     2
   Stab: Sleeping          ||     1
 Armour: Robe              ||    30
  Dodge: Dodged            ||    74

Table legend: (Time is in decaauts)
 A = Elapsed time spent in this place.
 B = Non-inter-level travel time spent in this place.
 C = Inter-level travel time spent in this place.
 D = Time resting spent in this place.
 E = Time spent auto-exploring this place.
 F = Levels seen in this place.
 G = Mean time per level.
                   A        B        C        D        E       F      G
               +--------+--------+--------+--------+--------+-----+--------+
         Total |   2254 |   2094 |    160 |      0 |   1789 |   2 | 1127.0 |
       Dungeon |   2254 |   2094 |    160 |      0 |   1789 |   2 | 1127.0 |
               +--------+--------+--------+--------+--------+-----+--------+

Top non-repeatable levels by time:
     D:1: 1257 daAuts
     D:2: 996 daAuts
